 Dungeon Crawl Stone Soup version 0.28.0-1-gb440e238dd (webtiles) character file.

Game seed: 15797760265406763254

551 a3don the Gusty (level 6, -2/50 HPs)
             Began as a Demigod Air Elementalist on Feb 21, 2022.
             Slain by a water moccasin (3 damage)
             ... on level 5 of the Dungeon.
             The game lasted 00:12:49 (6227 turns).

a3don the Gusty (Demigod Air Elementalist)          Turns: 6227, Time: 00:12:49

Health: -2/50      AC:  2    Str:  9    XL:     6   Next: 80%
Magic:  3/13       EV: 12    Int: 25    God:
Gold:   111        SH:  0    Dex: 14    Spells: 3/11 levels left

rFire   . . .      SeeInvis .   f - +0 dagger (drain)
rCold   . . .      Faith    .   (no shield)
rNeg    . . .      Spirit   .   a - +0 robe
rPois   .          Reflect  .   (no helmet)
rElec   .          Harm     .   (no cloak)
rCorr   .          Rampage  .   (no gloves)
Will    .....                   (no boots)
Stlth   ++........              (no amulet)
HPRegen 0.16/turn               (no ring)
MPRegen 0.13/turn               (no ring)

@: sluggish, very slow
A: high MP 1, forlorn, divine attributes
a: no special abilities


You were on level 5 of the Dungeon.
You visited 1 branch of the dungeon, and saw 5 of its levels.

You collected 150 gold pieces.
You spent 39 gold pieces at shops.

Inventory:

Hand Weapons
 c - a +0 hand axe
 f - a +0 dagger of draining (weapon)
 h - a +0 hand crossbow
 i - a +0 flail
 o - a +0 rapier
 p - a +0 flail
Missiles
 m - 5 boomerangs (quivered)
 r - 4 poisoned darts
Armour
 a - a +0 robe (worn)
 g - a +1 robe of cold resistance
Jewellery
 l - a +6 ring of strength
Scrolls
 e - 3 scrolls of identify {unknown}
 q - a scroll of enchant weapon {unknown}
Potions
 d - a potion of brilliance
 j - a potion of attraction {unknown}


   Skills:
 + Level 2.6 Fighting
 - Level 2.7 Dodging
 - Level 3.0 Stealth
 + Level 3.2 Spellcasting
 - Level 2.2 Conjurations
 * Level 4.6 Air Magic


You had 3 spell levels left.
You knew the following spells:

 Your Spells              Type           Power      Damage    Failure   Level
a - Shock                 Conj/Air       84%        1d8       2%          1
b - Swiftness             Air            27%        N/A       4%          3
c - Airstrike             Air            13%        N/A       14%         4

Your spell library contained the following spells:

 Spells                   Type           Power      Damage    Failure   Level
 Static Discharge         Conj/Air       21%        N/A       3%          2


Dungeon Overview and Level Annotations

Branches:
Dungeon (5/15)
 Temple: D:4-7

Shops:
D:1 ?

Annotations:
D:4 !blocogjk, Blork the orc


Innate Abilities, Weirdness & Mutations

You have an increased reservoir of magic. (+10% MP)
You shall have no god before yourself.
Your divine heritage dramatically boosts your attributes as you level up.


Message History

The spell is quite dangerous to miscast (17% risk of failure)!
Continue anyway?
Aiming: Airstrike (quite dangerous; 17% risk of failure)
Press: ? - help, Dir - move target, f/p - ogre
Aim: an ogre, wielding a +0 giant club (empty space bonus: 2/8)
You feel a surge of power!
The air twists around and strikes the ogre!
The ogre is moderately wounded.
You feel a little less clever now. The ogre closely misses you.
Casting: Airstrike (quite dangerous; 17% risk of failure)
Confirm with . or Enter, or press ? or * to list all spells.
The spell is quite dangerous to miscast (17% risk of failure)!
Continue anyway?
Aiming: Airstrike (quite dangerous; 17% risk of failure)
Press: ? - help, Dir - move target, f/p - ogre
Aim: an ogre, wielding a +0 giant club (moderately wounded, empty space bonus: 2/8)
The air twists around and strikes the ogre!
The ogre is severely wounded.
Unknown command.
Unknown command.
Casting: Airstrike (quite dangerous; 17% risk of failure)
Confirm with . or Enter, or press ? or * to list all spells.
The spell is quite dangerous to miscast (17% risk of failure)!
Continue anyway?
Aiming: Airstrike (quite dangerous; 17% risk of failure)
Press: ? - help, Dir - move target, f/p - ogre
Aim: an ogre, wielding a +0 giant club (severely wounded, empty space bonus: 2/8)
The air twists around and strikes the ogre!
You kill the ogre!
The water moccasin bites you but does no damage.
You see here a +0 giant club.
As you read the scroll labelled VONOAFU QUDEXA, it crumbles to dust.
You feel aware of your surroundings.
You sensed 1 altar.
It was a scroll of magic mapping.
The water moccasin bites you!
* * * LOW HITPOINT WARNING * * *
The water moccasin closely misses you.
As you read the scroll labelled YGRULIRR DOIM, it crumbles to dust.
The creatures around you are filled with an inner flame!
It was a scroll of immolation.
You start to feel a little faster.
The water moccasin bites you.
You die...

*,,..##.# #.#
*,*###*,*
#.## *,* *,*
#..# ****,*
*,* ##.#
*,,,,*****,*
#.#
**,**,,,,,^,*
#.#
,,,,,,,******
#.# *****,,*
#.# ,,,,*,,**
#@###
,,,,*,,,*
#.S(#
,_,,*,,,*
###.#
,,,,*,,,* *.#
,,,,*,,,* *.#
*+***,,,**
*.#
,,,,,,,,,**
*.#
*****,,,,,**
*.# *
*,*,,,,,* *.#


You could see a water moccasin (inner flame).

Vanquished Creatures
  A black bear (D:4)
  An ogre (D:5)
  A hound (D:4)
  Jessica (D:2)
  Natasha (thrice) (D:2)
  2 iguanas (D:4)
  5 gnolls
  5 adders
  2 worms (D:2)
  11 orcs
  6 ball pythons
  4 bats
  11 endoplasms
  4 giant cockroaches
  8 goblins
  6 hobgoblins
  5 quokkas
  6 frilled lizards
  4 kobolds
  3 rats (D:1)
89 creatures vanquished.

Notes
Turn   | Place    | Note
-------+----------+-------------------------------------------
     0 | D:1      | a3don the Demigod Air Elementalist began the quest for the
                  | Orb.
     0 | D:1      | Reached XP level 1. HP: 14/14 MP: 5/5
   108 | D:1      | Found Facuf's Magic Scroll Boutique.
   113 | D:1      | Reached skill level 1 in Conjurations
   472 | D:1      | Reached XP level 2. HP: 20/20 MP: 5/7
  1800 | D:2      | Noticed Jessica
  1818 | D:2      | Killed Jessica
  1819 | D:2      | Reached skill level 3 in Air Magic
  1819 | D:2      | Reached XP level 3. HP: 27/27 MP: 1/8
  2179 | D:1      | Bought a scroll of teleportation for 39 gold pieces
  2320 | D:2      | Noticed Natasha
  2323 | D:2      | Killed Natasha
  2324 | D:2      | Reached skill level 1 in Fighting
  2324 | D:2      | Reached XP level 4. HP: 31/35 MP: 6/10
  2425 | D:2      | Noticed Natasha
  2441 | D:2      | Killed Natasha
  2446 | D:2      | Noticed Natasha
  2462 | D:2      | HP: 1/35 [Natasha/magic dart (6)]
  2770 | D:1      | Learned a level 3 spell: Swiftness
  3118 | D:2      | Killed Natasha
  3283 | D:3      | Reached XP level 5. HP: 40/40 MP: 6/11
  3683 | D:3      | Learned a level 4 spell: Airstrike
  5112 | D:4      | Reached XP level 6. HP: 48/48 MP: 8/13
  5204 | D:4      | Reached skill level 4 in Air Magic
  5659 | D:4      | Noticed Blork the orc
  6144 | D:5      | Entered Level 5 of the Dungeon
  6221 | D:5      | Noticed a water moccasin
  6226 | D:5      | HP: 1/50 [water moccasin (7)]
  6227 | D:5      | Slain by a water moccasin

Illustrated notes

Levels and vault maps discovered:
D:1:      dpeg_arrival_orchard, layout_loops_ring,
          chequers_ecumenical_altar_simple_redux, serial_shops, shop
D:2:      layout_basic, uniq_jessica, uniq_natasha
D:3:      layout_rooms
D:4:      old_forge, layout_cave_pools, uniq_blork_the_orc
D:5:      layout_loops_ring, amcnicky_altar_gilded

Skill      XL: |  1  2  3  4  5  6 |
---------------+-------------------+-----
Conjurations   | 1 2 |  2.2
Stealth        | 2 3 |  3.0
Dodging        | 2 |  2.7
Spellcasting   | 2 3 |  3.2
Air Magic      | 3 4 |  4.6
Fighting       | 1 2 |  2.6

Action                   |  1- 3 |  4- 6 || total
-------------------------+-------+-------++-------
Melee: Unarmed           |     6 |       ||     6
       Hand axe          |    17 |       ||    17
       Dagger            |     3 |    20 ||    23
 Cast: Shock             |    81 |   161 ||   242
       Airstrike         |       |     6 ||     6
       Swiftness         |       |     3 ||     3
  Use: Scroll            |       |     3 ||     3
       Potion            |       |     3 ||     3
 Stab: Sleeping          |     1 |       ||     1
Armor: Robe              |     4 |     9 ||    13
Dodge: Dodged            |    16 |    46 ||    62
